 Dungeon Crawl Stone Soup version 0.25-a0-576-g50b708a4c4 (webtiles) character file.

Game seed: 14711094265395879703, levelgen mode: deterministic

40786 Flugslaktarn the Severer (level 13, -2/123 HPs)
             Began as a Deep Dwarf Fighter on Mar 1, 2020.
             Was a High Priest of Makhleb.
             Slain by a spriggan rider
             ... wielding a +0 spear
              (4 damage)
             ... on level 1 of the Swamp.
             The game lasted 00:09:05 (10157 turns).

Flugslaktarn the Severer (Deep Dwarf Fighter)      Turns: 10157, Time: 00:09:05

Health: -2/123     AC: 25    Str: 23    XL:     13   Next: 76%
Magic:  6/6        EV: 10    Int:  4    God:    Makhleb [*****.]
Gold:   1169       SH: 13    Dex: 14    Spells: 12/12 levels left

rFire    + + +     SeeInvis +   b - +5 broad axe "Naov" {holy, *Drain rF+ rC+ SInv}
rCold    + . .     Gourm    .   c - +0 kite shield
rNeg     . . .     Faith    +   L - +0 plate armour
rPois    +         Spirit   .   o - +2 helmet
rElec    .         Reflect  .   (no cloak)
rCorr    .         Harm     .   I - +2 pair of gloves
MR       +....     Rnd*Tele +   A - +2 pair of boots
Stlth    ..........             R - amulet "Cozeu" {Faith +Inv Int-5 Dex+2}
HPRegen  0.00/turn              m - +4 ring of evasion
MPRegen  0.10/turn              S - ring "Toetwep" {*Tele rPois rF++ Str-2 SInv}

@: non-regenerating
A: damage resistance, heal wounds, sense surroundings 2, no regeneration
a: Heal Wounds, Minor Destruction, Lesser Servant of Makhleb, Major Destruction,
Greater Servant of Makhleb, Renounce Religion, Evoke Invisibility


You were on level 1 of the Swamp.
You worshipped Makhleb.
Makhleb was extremely pleased with you.
You were not hungry.

You visited 3 branches of the dungeon, and saw 17 of its levels.

You collected 1265 gold pieces.
You spent 96 gold pieces at shops.

Inventory:

Hand Weapons
 a - a +1 war axe of draining
 b - the +5 broad axe "Naov" (weapon) {holy, *Drain rF+ rC+ SInv}
   (You found it on level 2 of the Lair of Beasts)

   It has been blessed by the Shining One to cause great damage to the undead
   and demons.
   It protects you from fire.
   It protects you from cold.
   It lets you see invisible.
   It causes draining when unequipped.
Missiles
 q - 4 throwing nets (quivered)
Armour
 c - a +0 kite shield (worn)
 o - a +2 helmet (worn)
   (You found it on level 2 of the Lair of Beasts)
 A - a +2 pair of boots (worn)
   (You found it on level 6 of the Dungeon)
 I - a +2 pair of gloves (worn)
   (You found it on level 7 of the Dungeon)
 L - a +0 plate armour (worn)
   (You took it off an orc warrior on level 8 of the Dungeon)
Jewellery
 f - a +2 ring of evasion
   (You found it on level 10 of the Dungeon)
 h - an uncursed amulet of harm
   (You found it on level 3 of the Lair of Beasts)
 j - an uncursed ring of ice {unknown}
   (You found it on level 1 of the Swamp)
 m - a +4 ring of evasion (left hand)
   (You found it on level 6 of the Dungeon)
 R - the amulet "Cozeu" (around neck) {Faith +Inv Int-5 Dex+2}
   (You found it on level 6 of the Lair of Beasts)

   [amulet of faith]

   It allows you to gain divine favour quickly.
   It affects your intelligence (-5).
   It affects your dexterity (+2).
   It lets you turn invisible.
 S - the ring "Toetwep" (right hand) {*Tele rPois rF++ Str-2 SInv}
   (You found it on level 6 of the Lair of Beasts)

   [ring of teleportation]

   It may teleport you next to monsters.
   It affects your strength (-2).
   It greatly protects you from fire.
   It protects you from poison.
   It lets you see invisible.
Wands
 v - a wand of digging (7)
   (You found it on level 1 of the Lair of Beasts)
 C - a wand of acid (10)
   (You found it on level 3 of the Lair of Beasts)
 K - a wand of enslavement (21)
   (You found it on level 8 of the Dungeon)
 Q - a wand of iceblast (13)
   (You found it on level 6 of the Lair of Beasts)
Scrolls
 k - a scroll of vulnerability
 l - 5 scrolls of magic mapping
 t - 2 scrolls of teleportation
 y - 5 scrolls of remove curse
 z - 2 scrolls of blinking
 E - 2 scrolls of fog
 J - a scroll of enchant armour
 N - 3 scrolls of fear
Potions
 d - a potion of might
 g - 6 potions of flight
 n - a potion of resistance
 p - a potion of lignification {unknown}
 s - a potion of haste {unknown}
 w - 6 potions of heal wounds
 x - 2 potions of stabbing
 B - 2 potions of mutation
 F - 3 potions of curing
 H - 3 potions of invisibility
 P - 2 potions of cancellation
Comestibles
 e - 22 rations
 i - 4 chunks of flesh


   Skills:
 + Level 9.8 Fighting
 * Level 15.1 Axes
 + Level 11.4 Armour
 + Level 11.4 Shields
 + Level 11.4 Invocations


You had 12 spell levels left.
You didn't know any spells.
Your spell library was empty.

Dungeon Overview and Level Annotations

Branches:
Dungeon (10/15)            Temple (0/1) D:7            Lair (6/6) D:10
  Swamp (1/4) Lair:2        Snake (0/4) Lair:4        Slime (0/5) Lair:5
    Orc: D:9-12

Altars:
Dithmenos
Makhleb
Nemelex Xobeh
Jiyva

Shops:
D:7 *

Annotations:
D:7 3 runed translucent doors, Flugslaktarn's ghost, novice DDFi
D:10 exclusion: oklob plant
Lair:4 exclusion: 2 oklob plants
Lair:6 exclusion: oklob plant


Innate Abilities, Weirdness & Mutations

You are resistant to damage.
You can heal yourself by infusing magical energy.
You passively map the area around you.
You do not regenerate.


Message History

You block the hornet's attack. The tyrant leech closely misses you.
You are too injured to fight recklessly!
You chop one of the ten-headed hydra's heads off!
The nine-headed hydra grows two more!
You hit the 11-headed hydra.
The 11-headed hydra is moderately wounded.
You hit the hornet.
Your plate armour prevents you from hitting the tyrant leech.
You block the hornet's attack. The 11-headed hydra barely misses you.
You block the 11-headed hydra's attack. The 11-headed hydra barely misses you.
The 11-headed hydra bites you but does no damage. x2
The 11-headed hydra bites you!
* * * LOW HITPOINT WARNING * * *
You block the 11-headed hydra's attack.
The 11-headed hydra completely misses you.
The 11-headed hydra bites you.
* * * LOW HITPOINT WARNING * * *
The 11-headed hydra bites you but does no damage. x2
The spriggan rider completely misses you.
The spriggan rider hits you from afar with a +0 spear.
You die...

.)...≈≈≈≈...≈.♣♣♣♣ ≈≈.....≈
≈
♣.≈♣≈.≈≈≈≈≈≈≈≈..♣♣♣♣..≈≈.♣.≈
. *♣♣♣≈≈≈≈≈≈≈≈≈≈.♣≈(..§...[
, * ♣♣♣.≈≈≈≈≈≈≈≈§...≈≈...≈≈≈
,, **
♣...≈≈≈≈≈≈≈≈.§.≈≈≈..≈... , ,
♣≈..≈≈≈≈§...§.....≈≈.... , ≈
≈ ♣♣♣≈.≈≈≈......≈i≈≈≈≈≈... ≈
♣≈!..≈≈≈≈....Dyi≈≈≈≈≈≈≈≈
♣..♣♣..≈≈≈≈≈♣@w≈≈≈≈≈≈≈≈. ≈ ≈
♣♣♣♣♣♣≈....♣..†(..≈≈≈≈.. ≈
♣♣..≈..♣♣♣♣♣.≈≈≈≈..≈≈§≈≈, ,,
* ♣♣♣.≈≈...†.♣ ♣.≈≈≈.≈.≈≈≈≈≈
* ♣≈..≈≈.♣..♣♣ ♣.≈≈≈♣♣.≈≈≈≈≈
*♣♣♣* ≈[..≈.♣♣♣♣♣
♣.≈≈≈.♣♣♣♣♣♣♣ ♣♣..♣♣
..≈...♣≈♣♣♣ ♣..≈≈.♣♣..♣♣♣
♣..... ≈≈.÷♣♣....♣
♣♣≈≈.♣≈<≈≈≈≈♣♣♣♣.≈≈≈
≈≈..♣≈.≈≈≈♣♣
♣...♣.≈≈≈≈..♣♣..§≈≈


You could see a 11-headed hydra, a tyrant leech, 2 spriggan riders and a hornet.

Vanquished Creatures
  The ghost of Gibetzo the Magician, a journeyman GnSk of Okawaru (Lair:2)
  3 hydras
  A merfolk avatar (Lair:6)
  Erica (D:8)
  An alligator (Swamp:1)
  2 fire crabs (Lair:6)
  Pikel (D:5)
  2 manticores (Lair:6)
  2 elephants (Lair:6)
  22 spiny frogs
  4 black mambas
  8 komodo dragons
  Maggie (D:7)
  5 rime drakes
  A wind drake (Lair:6)
  3 polar bears (Lair:6)
  5 hippogriffs
  A tyrant leech (Swamp:1)
  2 hornets
  11 blink frogs
  A bog body (Swamp:1)
  Prince Ribbit (D:8)
  A spriggan (Swamp:1)
  3 shadows (Swamp:1)
  45 yaks
  5 wyverns (Lair:6)
  Grum (D:8)
  A hungry ghost (D:8)
  4 swamp worms (Swamp:1)
  A naga (Lair:4)
  10 water moccasins
  2 orc warriors
  3 porcupines
  A swamp drake (Swamp:1)
  2 ice beasts
  2 slaves (D:5)
  3 sky beasts
  3 phantoms (D:4)
  15 wolves
  3 centaurs
  7 crocodiles
  4 ogres
  A big kobold (D:8)
  8 bullfrogs
  2 scorpions
  4 killer bees (D:8)
  A howler monkey (D:4)
  4 crimson imps
  A jelly (D:9)
  7 hounds
  3 orc priests
  9 orc wizards
  A centaur skeleton (D:8)
  4 bullfrog skeletons
  4 iguanas
  14 worker ants
  A hound skeleton (D:5)
  12 gnolls
  6 adders
  A shadow imp (D:8)
  An ooze (D:7)
  2 adder skeletons (D:4)
  3 worms
  A dart slug (D:5)
  5 leopard geckos
  36 orcs
  2 bats
  4 giant cockroaches
  7 goblins
  A hobgoblin (D:1)
  A jackal (D:5)
  6 kobolds
  3 quokkas
  3 frilled lizards
  A leopard gecko zombie (D:6)
  A rat (D:3)
  3 fungi
  2 plants
360 creatures vanquished.

Vanquished Creatures (collateral kills)
  4 hydras
  A spiny frog (Lair:1)
  A komodo dragon (Lair:1)
  2 hippogriffs (Lair:6)
  A swamp worm (Swamp:1)
  A wolf (Lair:1)
  A crocodile (Lair:1)
11 creatures vanquished.

Vanquished Creatures (others)
  A yak (Lair:2)
  A swamp drake (Lair:2)
  2 crimson imps (D:5)
  3 jackals (D:5)
  3 bushes (Lair:6)
  7 fungi
  3 plants
20 creatures vanquished.

Grand Total: 391 creatures vanquished

Notes
Turn   | Place    | Note
-------+----------+-------------------------------------------
     0 | D:1      | Flugslaktarn the Deep Dwarf Fighter began the quest for the
                  | Orb.
     0 | D:1      | Reached XP level 1. HP: 20/20 MP: 1/1
    99 | D:2      | Reached XP level 2. HP: 24/27 MP: 2/2
   244 | D:3      | Reached skill level 3 in Axes
   244 | D:3      | Reached XP level 3. HP: 27/33 MP: 3/3
   260 | D:3      | HP: 1/34 [gnoll/+0 spear (1)]
   269 | D:3      | Reached XP level 4. HP: 36/42 MP: 2/2
   407 | D:4      | Reached skill level 4 in Axes
   407 | D:4      | Reached XP level 5. HP: 41/49 MP: 3/3
   426 | D:4      | Noticed a phantom
   469 | D:4      | Killed a phantom
   469 | D:4      | Reached XP level 6. HP: 43/57 MP: 4/4
   556 | D:4      | Reached skill level 5 in Axes
   751 | D:4      | Noticed an ice beast
   768 | D:4      | Reached XP level 7. HP: 50/64 MP: 5/5
   769 | D:4      | Reached skill level 5 in Armour
   769 | D:4      | Reached skill level 5 in Shields
   783 | D:4      | Reached skill level 6 in Axes
   929 | D:5      | Entered Level 5 of the Dungeon
   940 | D:5      | Noticed Pikel
   959 | D:5      | Killed Pikel
   959 | D:5      | Reached skill level 7 in Axes
   959 | D:5      | Reached XP level 8. HP: 37/73 MP: 5/5
  1159 | D:5      | Reached skill level 5 in Fighting
  1576 | D:6      | Found a burning altar of Makhleb.
  1607 | D:6      | Became a worshipper of Makhleb the Destroyer
  1675 | D:6      | Reached skill level 8 in Axes
  1675 | D:6      | Reached skill level 1 in Invocations
  2104 | D:6      | Gained mutation: You passively map the area around you.
                  | [Deep Dwarf growth]
  2104 | D:6      | Reached XP level 9. HP: 70/81 MP: 4/4
  2688 | D:7      | Reached skill level 9 in Axes
  2719 | D:7      | Found a runed translucent gate.
  2719 | D:7      | Found a runed translucent gate.
  2720 | D:7      | Noticed a kobold demonologist
  2720 | D:7      | Found a runed translucent gate.
  2721 | D:7      | Noticed Flugslaktarn's ghost (novice DDFi)
  2722 | D:7      | Identified the cursed +1 short sword "Gram" {elec, rN+
                  | Str+2 Int+7}
  2803 | D:7      | Found a sparkling altar of Nemelex Xobeh.
  2811 | D:7      | Found Cishroin's Commerce Corner.
  2835 | D:7      | Bought a potion of cancellation for 96 gold pieces
  2841 | D:7      | Reached * piety under Makhleb
  2939 | D:7      | Found a staircase to the Ecumenical Temple.
  2939 | D:7      | Noticed Maggie
  2963 | D:7      | Killed Maggie
  3586 | D:8      | Noticed Grum
  3594 | D:8      | Reached XP level 10. HP: 64/92 MP: 6/6
  3605 | D:8      | Killed Grum
  3605 | D:8      | Reached skill level 10 in Axes
  3652 | D:8      | Reached skill level 5 in Invocations
  3666 | D:8      | Noticed Prince Ribbit
  3690 | D:8      | Killed Prince Ribbit
  3725 | D:8      | Reached ** piety under Makhleb
  4087 | D:8      | Noticed Erica
  4097 | D:8      | Killed Erica
  4382 | D:9      | Reached skill level 11 in Axes
  4789 | D:9      | Reached *** piety under Makhleb
  5103 | D:10     | Entered Level 10 of the Dungeon
  5134 | D:10     | Noticed an oklob plant
  5137 | D:10     | Found a staircase to the Lair.
  5218 | Lair:1   | Entered Level 1 of the Lair of Beasts
  5379 | Lair:1   | Noticed a spiny frog
  5392 | Lair:1   | Killed a spiny frog
  5392 | Lair:1   | Reached XP level 11. HP: 69/100 MP: 7/7
  5417 | Lair:1   | Noticed a four-headed hydra
  5468 | Lair:1   | Killed an 11-headed hydra
  5959 | Lair:2   | Found a runed translucent gate.
  5959 | Lair:2   | Found a runed translucent gate.
  5959 | Lair:2   | Noticed an 11-headed hydra
  5960 | Lair:2   | Found a runed translucent gate.
  5960 | Lair:2   | Noticed Gibetzo's ghost (journeyman GnSk)
  5960 | Lair:2   | Noticed a nine-headed hydra
  5969 | Lair:2   | Reached skill level 12 in Axes
  6090 | Lair:2   | Killed an 11-headed hydra
  6282 | Lair:2   | Killed Gibetzo's ghost
  6315 | Lair:2   | Got a steaming broad axe
  6316 | Lair:2   | Identified the +5 broad axe "Naov" {holy, *Drain rF+ rC+
                  | SInv} (You found it on level 2 of the Lair of Beasts)
  6357 | Lair:2   | Found a staircase to the Swamp.
  6516 | Lair:2   | Reached XP level 12. HP: 106/110 MP: 9/9
  6751 | Lair:3   | Noticed an eight-headed hydra
  6771 | Lair:3   | Killed a 14-headed hydra
  6771 | Lair:3   | Reached skill level 13 in Axes
  6918 | Lair:3   | Reached skill level 10 in Armour
  6919 | Lair:3   | Reached skill level 10 in Shields
  7625 | Lair:4   | Found a staircase to the Snake Pit.
  8432 | Lair:5   | Reached skill level 10 in Invocations
  8477 | Lair:5   | Reached **** piety under Makhleb
  8520 | Lair:5   | Found a staircase to the Slime Pits.
  8520 | Lair:5   | Found a viscous altar of Jiyva.
  8965 | Lair:6   | Entered Level 6 of the Lair of Beasts
  8974 | Lair:6   | Reached skill level 14 in Axes
  9011 | Lair:6   | Reached XP level 13. HP: 104/121 MP: 9/9
  9138 | Lair:6   | Found a shadowy altar of Dithmenos.
  9390 | Lair:6   | Paralysed by a hornet for 1 turns
  9514 | Lair:6   | Got a glittering tin amulet
  9517 | Lair:6   | Got a steaming jade ring
  9728 | Lair:6   | Identified the amulet "Cozeu" {Faith +Inv Int-5 Dex+2} (You
                  | found it on level 6 of the Lair of Beasts)
  9730 | Lair:6   | Identified the ring "Toetwep" {*Tele rPois rF++ Str-2 SInv}
                  | (You found it on level 6 of the Lair of Beasts)
  9898 | Swamp:1  | Entered Level 1 of the Swamp
  9959 | Swamp:1  | Reached ***** piety under Makhleb
 10033 | Swamp:1  | Noticed a green draconian
 10037 | Swamp:1  | Noticed a green draconian
 10062 | Swamp:1  | HP: 6/122 [swamp worm/harpoon shot (6)]
 10076 | Swamp:1  | Reached skill level 15 in Axes
 10157 | Swamp:1  | HP: 2/123 [11-headed hydra (5)]
 10157 | Swamp:1  | Slain by a spriggan rider

Levels and vault maps discovered:
D:1:      nicolae_arrival_memento_mori, layout_basic
D:2:      layout_loops_ring, grunt_temple_overflow_holy_war,
          gammafunk_temple_overflow_forgotten
D:3:      layout_basic, grunt_dithmenos_smoke_and_mirrors,
          chequers_temple_overflow_statue_of_worship, minitemple,
          minmay_guardbox
D:4:      cheibrodos_barr_body, layout_cave_pools, first_ration,
          hangedman_decor_lopped
D:5:      layout_cave_pools, uniq_pikel
D:6:      layout_cave_pods, old_standard_altar
D:7:      layout_loops_cross, minmay_temple_entry_fiery,
          gammafunk_ghost_nasty_kobolds, nicolae_alphabet_shops,
          grunt_ogre_cave, minmay_misc_feat_five, nemelex_diamond_rough_becter,
          uniq_maggie
D:8:      layout_cave_pods, uniq_grum, uniq_erica, uniq_prince_ribbit1
D:9:      layout_basic
D:10:     lemuel_ice_spiral_2, layout_irregular_city, dpeg_oklobed_lair,
          minmay_fractal_squares_5
Lair:1:   layout_loops_ring, grunt_megastairs_3
Lair:2:   layout_big_grid, minmay_swamp_entry_reptiles,
          gammafunk_ghost_hydra_chop
Lair:3:   layout_regular_city, chequers_serial_rivers_small_b
Lair:4:   layout_gridlike, guppyfry_snake_entry_island, serial_bayou_pond_c,
          grunt_megastairs_5, minmay_lair_oklob_chamber
Lair:5:   layout_loops_ring, slime_altar_1
Lair:6:   gammafunk_lair_ancient_temple, layout_misc_corridors,
          lemuel_oklob_altar
Swamp:1:  layout_basic_swamp, evilmike_swamp_ruin_house_3, hangedman_swamp_dais

Skill      XL: |  1  2  3  4  5  6  7  8  9 10 11 12 13 |
---------------+----------------------------------------+-----
Axes           | 3 4 5 7 8 9 11 12 14 15 | 15.1
Fighting       | 3 4 5 6 7 8 9 |  9.8
Armour         | 4 5 6 7 8 9 10 11 | 11.4
Shields        | 4 5 6 7 8 9 10 11 | 11.4
Invocations    | 2 4 6 8 10 11 | 11.4

Action                   |  1- 3 |  4- 6 |  7- 9 | 10-12 | 13-15 || total
-------------------------+-------+-------+-------+-------+-------++-------
Melee: War axe           |    48 |   163 |   410 |   461 |       ||  1082
       Broad axe         |       |       |       |   301 |   277 ||   578
Invok: Lesser Servant of |       |       |       |    11 |     5 ||    16
 Abil: Heal Wounds       |     5 |     7 |    15 |    19 |    16 ||    62
Evoke: Wand              |       |       |       |     5 |     2 ||     7
  Use: Scroll            |       |       |       |    21 |     6 ||    27
 Stab: Distracted        |       |       |       |     1 |     4 ||     5
       Confused          |       |       |       |     1 |       ||     1
  Eat: Chunk             |       |       |    10 |    16 |     5 ||    31
       Ration            |       |       |       |     1 |       ||     1
Armor: Scale mail        |    47 |    62 |    71 |       |       ||   180
       Chain mail        |       |       |    81 |    73 |       ||   154
       Plate armour      |       |       |       |   368 |   450 ||   818
Dodge: Dodged            |    47 |    62 |   128 |   366 |   303 ||   906
Block: Kite shield       |    59 |   103 |   228 |   515 |   363 ||  1268

Table legend:
 A = Non-vault XP
 B = Vault XP
 C = Vault XP percentage of total XP
 D = Non-vault monster count
 E = Vault monster count
 F = Vault count percentage of total count
                 A         B        C        D         E       F
            +---------+---------+-------+---------+---------+-------
      Total |   44388 |   13878 |  23.8 |     315 |      51 |  13.9
            +---------+---------+-------+---------+---------+-------
        D:1 |      11 |       0 |   0.0 |       6 |       0 |   0.0
        D:2 |      20 |       0 |   0.0 |       5 |       0 |   0.0
        D:3 |     131 |       0 |   0.0 |      19 |       0 |   0.0
        D:4 |     382 |     513 |  57.3 |      14 |      10 |  41.7
        D:5 |     411 |     641 |  60.9 |      20 |       1 |   4.8
        D:6 |     872 |       0 |   0.0 |      27 |       0 |   0.0
        D:7 |    1532 |     488 |  24.2 |      16 |       2 |  11.1
        D:8 |    1873 |    1577 |  45.7 |      41 |       5 |  10.9
        D:9 |    2129 |       0 |   0.0 |      25 |       0 |   0.0
       D:10 |     354 |       0 |   0.0 |       3 |       0 |   0.0
     Lair:1 |    3717 |      65 |   1.7 |      17 |       1 |   5.6
     Lair:2 |    7526 |    1899 |  20.1 |      30 |       6 |  16.7
     Lair:3 |    3171 |       0 |   0.0 |      13 |       0 |   0.0
     Lair:4 |    2755 |     163 |   5.6 |       9 |       1 |  10.0
     Lair:5 |    5695 |       0 |   0.0 |      24 |       0 |   0.0
     Lair:6 |    8538 |    8398 |  49.6 |      30 |      24 |  44.4
    Swamp:1 |    5271 |     134 |   2.5 |      16 |       1 |   5.9
            +---------+---------+-------+---------+---------+-------
